 Dungeon Crawl Stone Soup version 0.21.1-1-g345015f (webtiles) character file.

22 inc the Magician (level 2, 0/17 HPs)
             Began as an Octopode Wizard on Apr 27, 2018.
             Slain by an ooze (3 damage)
             ... on level 1 of the Dungeon.
             The game lasted 00:01:00 (766 turns).

inc the Magician (Octopode Wizard)                   Turns: 766, Time: 00:01:01

Health: 0/17       AC:  1    Str:  6    XL:     2   Next: 91%
Magic:  0/6        EV: 13    Int: 20    God:
Gold:   23         SH:  0    Dex: 10    Spells: 6/7 levels left

rFire    . . .     SeeInvis .   (no weapon)
rCold    . . .     Gourm    .   (no shield)
rNeg     . . .     Faith    .   a - +0 hat
rPois    .         Spirit   .   (no amulet)
rElec    .         Reflect  .   (no ring)
rCorr    .         Harm     .   (no ring)
MR       .....                  (no ring)
Stlth    +++.......             (no ring)
HPRegen  0.05/turn              (no ring)
MPRegen  0.10/turn              (no ring)
                                (no ring)
                                (no ring)

@: no status effects
A: almost no armour, stealthy swim, amphibious, 8 rings, constrict 8, camouflage
1, gelatinous body 1
a: no special abilities


You were on level 1 of the Dungeon.
You were not hungry.

You visited 1 branch of the dungeon, and saw 1 of its levels.

You collected 23 gold pieces.

Inventory:

Armour
 a - a +0 hat (worn)
Scrolls
 d - a scroll of magic mapping {unknown}
 e - a scroll of identify {unknown}
Potions
 f - a potion of lignification {unknown}
 g - a potion of mutation {unknown}
Books
 b - a book of Minor Magic

   Spells                             Type                      Level
   a - Magic Dart                     Conjuration                  1
   b - Blink                          Translocation                2
   c - Call Imp                       Summoning                    2
   d - Slow                           Hexes                        2
   e - Conjure Flame                  Conjuration/Fire             3
   f - Mephitic Cloud                 Conjuration/Poison/Air       3
Comestibles
 c - a ration


   Skills:
 - Level 2.0 Dodging
 - Level 2.6 Stealth
 - Level 3.0 Spellcasting
 + Level 2.7 Conjurations
   Level 1.0 Summonings
   Level 1.0 Translocations


You had 6 spell levels left.
You knew the following spells:

 Your Spells              Type           Power        Failure   Level  Hunger
a - Magic Dart            Conj           ##..         4%          1    None


Dungeon Overview and Level Annotations

Branches:
Dungeon (1/15)

Altars:


Innate Abilities, Weirdness & Mutations

You cannot wear most types of armour.
You are very stealthy in the water. (Stealth+)
You are amphibious.
You can wear up to eight rings at the same time.
You can use your tentacles to constrict eight enemies at once.
Your skin changes colour to match your surroundings (Stealth+).
Your rubbery body absorbs attacks. (AC +1, EV +1)


Message History

Casting: Magic Dart
Confirm with . or Enter, or press ? or * to list all spells.
You don't have enough magic to cast that spell.
Unknown command.
Casting: Magic Dart
Confirm with . or Enter, or press ? or * to list all spells.
You don't have enough magic to cast that spell.
You tentacle-slap the ooze.
The ooze is severely wounded.
The ooze hits you.
* * * LOW HITPOINT WARNING * * *
You tentacle-slap the ooze but do no damage.
Your squeeze misses the ooze.
The ooze is severely wounded.
The ooze completely misses you.
You tentacle-slap the ooze but do no damage.
You squeeze the ooze, but do no damage.
The ooze is severely wounded.
The ooze hits you.
You die...

#........ # .. #...#(### ...
#...#..# .#. ..#####.## ..
+........... # #.### #...######.#
#.#... #...###..... # #....#
.........###. #. #@#
..........##. . .###
#J###.......[...#. ... ..#
#g.............#.. .....####.#
###.##...........#.#
....(..†!.####...#...≈≈≈.≈≈≈..#..
.....#.....g.g.##...≈≈...(.≈≈..#.
... #..)....J.##..≈≈....8..≈≈...
# #........###.≈≈.........≈≈..
+........# #.≈.....♣.....≈..


You could see an ooze and a hobgoblin.

Vanquished Creatures
  An ooze (D:1)
  A giant cockroach (D:1)
  3 hobgoblins (D:1)
  2 jackals (D:1)
  2 bats (D:1)
  3 kobolds (D:1)
  6 rats (D:1)
18 creatures vanquished.

Notes
Turn   | Place    | Note
-------+----------+-------------------------------------------
     0 | D:1      | inc the Octopode Wizard began the quest for the Orb.
     0 | D:1      | Reached XP level 1. HP: 11/11 MP: 4/4
   329 | D:1      | Reached XP level 2. HP: 15/17 MP: 0/6
   766 | D:1      | Slain by an ooze

Skill      XL: |  1 |
---------------+----+-----
Conjurations   | 2 |  2.7
Dodging        | |  2.0
Stealth        | |  2.6
Spellcasting   | |  3.0
Summonings     | |  1.0
Translocations | |  1.0

Action                   || total
-------------------------++-------
Melee: Unarmed           ||    27
       Constrict         ||     4
       Tentacles         ||     4
 Cast: Magic Dart        ||    39
Armor: Skin              ||     2
Dodge: Dodged            ||    18
